BR (22 & UNDER)
OCEANSIDE SWAMP FOXES @ QUINCY DOUGHBOYS
08/24/2030
 
TOP OF THE 1ST
Oceanside Swamp Foxes batting - Pitching for Quincy Doughboys : RHP Juan Negrón
Pitching: RHP Juan Negrón
Batting: SHB Teko de Bruin 0-0: Called Strike
0-1: SINGLE (Groundball, 25) (infield hit)
Batting: RHB Rubén Ramírez 0-0: Ball
1-0: Ball
2-0: Ball
Teko de Bruin is caught stealing 2nd base
3-0: Called Strike
3-1: Foul Ball, location: 2F
3-2: Ground out 6-3 (Groundball, 6)
Batting: RHB Armando Solís 0-0: Foul Ball, location: 2F
0-1: DOUBLE (Flyball, 8LD)
Pinch Runner at 2nd José Sánchez:
Batting: RHB Travis Thomas 0-0: Ball
1-0: Ground out 1-3 (Groundball, P)
Top of the 1st over - 0 runs, 2 hits, 0 errors, 1 left on base; Oceanside 0 - Quincy 0
BOTTOM OF THE 1ST
Quincy Doughboys batting - Pitching for Oceanside Swamp Foxes : RHP Javier Morán
Pitching: RHP Javier Morán
Now in RF: José Sánchez
Batting: LHB Esteban Pérez 0-0: Called Strike
0-1: Ball
1-1: Called Strike
1-2: Foul Ball, location: 2F
1-2: Ball
2-2: Foul Ball, location: 2F
2-2: Ground out 6-3 (Groundball, 6)
Batting: LHB Rob Johnson 0-0: Foul Ball, location: 2F
0-1: Ball
1-1: Swinging Strike
1-2: Ball
2-2: Foul Ball, location: 2F
2-2: Fly out, F7 (Flyball, 78M)
Batting: RHB Geoff Rainey 0-0: Ball
1-0: Foul Ball, location: 2F
1-1: Swinging Strike
1-2: Ground out 5-3 (Groundball, 5)
Bottom of the 1st over - 0 runs, 0 hits, 0 errors, 0 left on base; Oceanside 0 - Quincy 0
TOP OF THE 2ND
Oceanside Swamp Foxes batting - Pitching for Quincy Doughboys : RHP Juan Negrón
Batting: LHB Jeffery Casey 0-0: Called Strike
0-1: Ball
1-1: Ball
2-1: Foul Ball, location: 2F
2-2: Foul Ball, location: 2F
2-2: Hit by Pitch
Pinch Runner at 1st Brody Sexton:
Batting: RHB Ralph Young 0-0: Ball
1-0: Called Strike
1-1: Ball
2-1: Swinging Strike
2-2: Foul Ball, location: 2F
2-2: Grounds into double play, 4-6-3 (Groundball, 4M)
Batting: SHB León Galló 0-0: Ground out 4-3 (Groundball, 4)
Top of the 2nd over - 0 runs, 0 hits, 0 errors, 0 left on base; Oceanside 0 - Quincy 0
BOTTOM OF THE 2ND
Quincy Doughboys batting - Pitching for Oceanside Swamp Foxes : RHP Javier Morán
Now at 1B: Brody Sexton
Batting: LHB José Martínez 0-0: SOLO HOME RUN (Flyball, 89XD), Distance : 403 ft
Batting: RHB Reggie Snyder 0-0: Ball
1-0: Called Strike
1-1: Ball
2-1: Foul Ball, location: 2F
2-2: Foul Ball, location: 2F
2-2: Ground out 4-3 (Groundball, 4)
Batting: RHB Luis Díaz 0-0: Called Strike
0-1: Foul Ball, location: 2F
0-2: SINGLE (Flyball, 89S)
Batting: LHB Ramón Quintanilla 0-0: Grounds out, U3 (Groundball, 3L)
Batting: RHB Tom Rose 0-0: Called Strike
0-1: Fly out, F4 (Popup, 23)
Bottom of the 2nd over - 1 run, 2 hits, 0 errors, 1 left on base; Oceanside 0 - Quincy 1
TOP OF THE 3RD
Oceanside Swamp Foxes batting - Pitching for Quincy Doughboys : RHP Juan Negrón
Batting: LHB Jonathan Belisle 0-0: Ball
1-0: Ground out U3 (Groundball, 34)
Batting: RHB Tony Klein 0-0: Called Strike
0-1: SINGLE (Flyball, 78S)
Batting: SHB Teko de Bruin 0-0: Ball
1-0: Fielders Choice at 2nd, 3-6 (Groundball, 3)
Batting: RHB Rubén Ramírez 0-0: Ball
Wild Pitch!
Teko de Bruin to second
1-0: TRIPLE (Flyball, 78XD)
Teko de Bruin scores
Batting: RHB José Sánchez 0-0: Ball
1-0: Foul Ball, location: 2F
1-1: Called Strike
1-2: Ground out 6-3 (Groundball, 6)
Top of the 3rd over - 1 run, 2 hits, 0 errors, 1 left on base; Oceanside 1 - Quincy 1
BOTTOM OF THE 3RD
Quincy Doughboys batting - Pitching for Oceanside Swamp Foxes : RHP Javier Morán
Batting: RHB Ben Williams 0-0: Ball
1-0: Fly out, F7 (Line Drive, 7D)
Batting: LHB Esteban Pérez 0-0: Ball
1-0: Foul Ball, location: 2F
1-1: Foul Ball, location: 2F
1-2: Ball
2-2: Foul Ball, location: 2F
2-2: Foul Ball, location: 2F
2-2: Ball
3-2: Foul Ball, location: 2F
3-2: Fly out, F9 (Flyball, 89M)
Batting: LHB Rob Johnson 0-0: Ball
1-0: Fly out, F7 (Flyball, 78M)
Bottom of the 3rd over - 0 runs, 0 hits, 0 errors, 0 left on base; Oceanside 1 - Quincy 1
TOP OF THE 4TH
Oceanside Swamp Foxes batting - Pitching for Quincy Doughboys : RHP Juan Negrón
Batting: RHB Travis Thomas 0-0: Called Strike
0-1: DOUBLE (Line Drive, 78D)
Batting: RHB Brody Sexton 0-0: Ball
1-0: Ground out 6-3 (Groundball, 6)
Batting: RHB Ralph Young 0-0: Called Strike
0-1: Ball
1-1: Ball
2-1: Ball
3-1: Foul Ball, location: 2F
3-2: Strikes out swinging
Batting: SHB León Galló 0-0: Ball
1-0: SINGLE (Line Drive, 89S)
Travis Thomas to third
Runner from 3rd tries for Home, SAFE, no throw
Batting: LHB Jonathan Belisle 0-0: Called Strike
0-1: Ball
1-1: SINGLE (Groundball, 4MS) (infield hit)
León Galló to second
Batting: RHB Tony Klein 0-0: Ball
1-0: Called Strike
1-1: Ball
2-1: Foul Ball, location: 2F
2-2: Foul Ball, location: 2F
2-2: Fly out, F7 (Flyball, 7D)
Top of the 4th over - 1 run, 3 hits, 0 errors, 2 left on base; Oceanside 2 - Quincy 1
BOTTOM OF THE 4TH
Quincy Doughboys batting - Pitching for Oceanside Swamp Foxes : RHP Javier Morán
Batting: RHB Geoff Rainey 0-0: Ball
1-0: Swinging Strike
1-1: Ball
2-1: Foul Ball, location: 2F
2-2: Strikes out looking
Batting: LHB José Martínez 0-0: Called Strike
0-1: Ball
1-1: Swinging Strike
1-2: Ball
2-2: Ball
3-2: DOUBLE (Flyball, 9)
Batting: RHB Reggie Snyder 0-0: Ball
José Martínez steals 3rd base
1-0: Ground out 5-3 (Groundball, 56S)
José Martínez scores
Batting: RHB Luis Díaz 0-0: Called Strike
0-1: Ball
1-1: Ball
2-1: Called Strike
2-2: Foul Ball, location: 2F
2-2: SOLO HOME RUN (Flyball, 7D), Distance : 416 ft
Batting: LHB Ramón Quintanilla 0-0: Foul Ball, location: 2F
0-1: Ball
1-1: Ball
2-1: Fly out, F9 (Line Drive, 9)
Bottom of the 4th over - 2 runs, 2 hits, 0 errors, 0 left on base; Oceanside 2 - Quincy 3
TOP OF THE 5TH
Oceanside Swamp Foxes batting - Pitching for Quincy Doughboys : RHP Juan Negrón
Batting: SHB Teko de Bruin 0-0: Ball
1-0: Ball
2-0: Called Strike
2-1: Ball
3-1: Foul Ball, location: 2F
3-2: Fly out, F8 (Flyball, 8RM)
Batting: RHB Rubén Ramírez 0-0: Ball
1-0: Ball
2-0: Ground out 6-3 (Groundball, 6)
Batting: RHB José Sánchez 0-0: Ball
1-0: Fly out, F8 (Line Drive, 8LXD)
Top of the 5th over - 0 runs, 0 hits, 0 errors, 0 left on base; Oceanside 2 - Quincy 3
BOTTOM OF THE 5TH
Quincy Doughboys batting - Pitching for Oceanside Swamp Foxes : RHP Javier Morán
Batting: RHB Tom Rose 0-0: Fly out, F8 (Flyball, 8LS)
Batting: RHB Ben Williams 0-0: Called Strike
0-1: Ground out 3-1 (Groundball, 34S)
Batting: LHB Esteban Pérez 0-0: Foul Ball, location: 2F
0-1: Ground out 6-3 (Groundball, 6)
Bottom of the 5th over - 0 runs, 0 hits, 0 errors, 0 left on base; Oceanside 2 - Quincy 3
TOP OF THE 6TH
Oceanside Swamp Foxes batting - Pitching for Quincy Doughboys : RHP Juan Negrón
Batting: RHB Travis Thomas 0-0: Ground out 4-3 (Groundball, 4M)
Batting: RHB Brody Sexton 0-0: Ball
1-0: Ball
2-0: Ground out 6-3 (Groundball, 6MS)
Batting: RHB Ralph Young 0-0: Ball
1-0: Ground out 4-3 (Groundball, 4)
Top of the 6th over - 0 runs, 0 hits, 0 errors, 0 left on base; Oceanside 2 - Quincy 3
BOTTOM OF THE 6TH
Quincy Doughboys batting - Pitching for Oceanside Swamp Foxes : RHP Javier Morán
Batting: LHB Rob Johnson 0-0: SINGLE (Groundball, 4MD)
Batting: RHB Geoff Rainey 0-0: Ball
Passed Ball!
Rob Johnson to second
1-0: Foul Ball, location: 2F
1-1: Foul Ball, location: 2F
1-2: Strikes out swinging
Batting: LHB José Martínez 0-0: Foul Ball, location: 2F
0-1: Ball
1-1: Swinging Strike
1-2: Ball
2-2: Ball
3-2: Base on Balls
Batting: RHB Reggie Snyder 0-0: Called Strike
0-1: Ball
1-1: Fly out, F3 (Popup, 3S)
Batting: RHB Luis Díaz 0-0: Called Strike
0-1: Fly out, F7 (Line Drive, 7LM)
Bottom of the 6th over - 0 runs, 1 hit, 0 errors, 2 left on base; Oceanside 2 - Quincy 3
TOP OF THE 7TH
Oceanside Swamp Foxes batting - Pitching for Quincy Doughboys : RHP Juan Negrón
Now at 3B: Blair Charnock
Batting: SHB León Galló 0-0: Swinging Strike
0-1: Ball
1-1: SINGLE (Flyball, 89M) - OUT at second base trying to stretch hit.
Batting: LHB Jonathan Belisle 0-0: Called Strike
0-1: Called Strike
0-2: Foul Ball, location: 2F
0-2: Ball
1-2: Fly out, F4 (Line Drive, 4M)
Batting: RHB Tony Klein 0-0: Called Strike
0-1: Called Strike
0-2: Ball
1-2: Foul Ball, location: 2F
1-2: Ball
2-2: Foul Ball, location: 2F
2-2: Strikes out swinging
Top of the 7th over - 0 runs, 1 hit, 0 errors, 0 left on base; Oceanside 2 - Quincy 3
BOTTOM OF THE 7TH
Quincy Doughboys batting - Pitching for Oceanside Swamp Foxes : RHP Javier Morán
Batting: LHB Ramón Quintanilla 0-0: Ground out 4-3 (Groundball, 4)
Batting: RHB Tom Rose 0-0: Called Strike
0-1: Swinging Strike
0-2: Strikes out swinging
Batting: RHB Ben Williams 0-0: Called Strike
0-1: Foul Ball, location: 2F
0-2: Ball
1-2: Strikes out swinging
Bottom of the 7th over - 0 runs, 0 hits, 0 errors, 0 left on base; Oceanside 2 - Quincy 3
TOP OF THE 8TH
Oceanside Swamp Foxes batting - Pitching for Quincy Doughboys : RHP Juan Negrón
Pitching: RHP Gerald Collins
Now at 1B: Juan Pérez
Now at 2B: Dillon Lewis
Batting: SHB Teko de Bruin 0-0: Ball
1-0: Ball
2-0: Ground out 4-3 (Groundball, 4)
Batting: RHB Rubén Ramírez 0-0: SINGLE (Line Drive, 34D)
Pinch Hitting: LHB John Fuller 0-0: Ball
1-0: Grounds into double play, 6-4-3 (Groundball, 56)
Top of the 8th over - 0 runs, 1 hit, 0 errors, 0 left on base; Oceanside 2 - Quincy 3
BOTTOM OF THE 8TH
Quincy Doughboys batting - Pitching for Oceanside Swamp Foxes : RHP Javier Morán
Pitching: LHP Michael Bowles
Now in RF: John Fuller
Batting: LHB Esteban Pérez 0-0: Ball
1-0: Foul Ball, location: 2F
1-1: Called Strike
1-2: SINGLE (Groundball, 56D)
Batting: RHB Juan Pérez 0-0: Called Strike
0-1: Ball
1-1: Ball
2-1: Ball
3-1: Reached on error, E6 (Groundball, 6)
Esteban Pérez to second
Batting: RHB Geoff Rainey 0-0: Called Strike
0-1: Ball
1-1: Ball
2-1: Swinging Strike
2-2: Strikes out looking
Batting: LHB José Martínez 0-0: Foul Ball, location: 2F
0-1: Called Strike
0-2: Ball
1-2: Foul Ball, location: 2F
1-2: Foul Ball, location: 2F
1-2: Foul Ball, location: 2F
1-2: 3-RUN HOME RUN (Line Drive, 9LD), Distance : 343 ft
Pitching: RHP Víctor Contreras
Batting: RHB Reggie Snyder 0-0: Ball
1-0: Ball
2-0: Foul Ball, location: 2F
2-1: Fly out, F9 (Flyball, 9LM)
Batting: RHB Blair Charnock 0-0: Foul Ball, location: 2F
0-1: Ball
1-1: Foul Ball, location: 2F
1-2: Ball
2-2: Ball
3-2: Base on Balls
Batting: LHB Ramón Quintanilla 0-0: Ball
1-0: Foul Ball, location: 2F
1-1: Fly out, F8 (Flyball, 89M)
Bottom of the 8th over - 3 runs, 2 hits, 1 error, 1 left on base; Oceanside 2 - Quincy 6
TOP OF THE 9TH
Oceanside Swamp Foxes batting - Pitching for Quincy Doughboys : RHP Gerald Collins
Batting: RHB Travis Thomas 0-0: Ball
1-0: Ball
2-0: Ball
3-0: Base on Balls
Batting: RHB Brody Sexton 0-0: Called Strike
0-1: 2-RUN HOME RUN (Flyball, 9LD), Distance : 350 ft
Pitching: RHP Arnie Zapata
Batting: RHB Ralph Young 0-0: Swinging Strike
0-1: Foul Ball, location: 2F
0-2: Strikes out looking
Batting: SHB León Galló 0-0: Ball
1-0: Swinging Strike
1-1: DOUBLE (Flyball, 78D)
Batting: LHB Jonathan Belisle 0-0: Called Strike
0-1: Ball
1-1: Ball
2-1: Swinging Strike
2-2: SINGLE (Line Drive, 4M)
León Galló to third
Pinch Hitting: RHB William Allen 0-0: Ball
1-0: Called Strike
1-1: Ball
2-1: Called Strike
2-2: Foul Ball, location: 2F
2-2: Foul Ball, location: 2F
2-2: Strikes out swinging
Pinch Hitting: LHB Don Glassman 0-0: Ball
1-0: Ball
2-0: 3-RUN HOME RUN (Line Drive, 89XD), Distance : 418 ft
Pitching: RHP Troy Cole
Batting: RHB Rubén Ramírez 0-0: Ball
1-0: Called Strike
1-1: Ground out 6-3 (Groundball, 56)
Top of the 9th over - 5 runs, 4 hits, 0 errors, 0 left on base; Oceanside 7 - Quincy 6
BOTTOM OF THE 9TH
Quincy Doughboys batting - Pitching for Oceanside Swamp Foxes : RHP Víctor Contreras
Pitching: RHP Juan Jose Medina
Now at 3B: Don Glassman
Now at SS: Manny Ramos
Now in CF: Jason Hudson
Now in RF: Alberto Serna
Batting: RHB Tom Rose 0-0: Ball
1-0: Called Strike
1-1: Foul Ball, location: 2F
1-2: Strikes out swinging
Pinch Hitting: RHB Tristan Dean 0-0: Ball
1-0: Called Strike
1-1: Foul Ball, location: 2F
1-2: Foul Ball, location: 2F
1-2: Ball
2-2: Foul Ball, location: 2F
2-2: Ground out 1-3 (Groundball, 13)
Batting: LHB Esteban Pérez 0-0: Fly out, F9 (Flyball, 9S)
Bottom of the 9th over - 0 runs, 0 hits, 0 errors, 0 left on base; Oceanside 7 - Quincy 6
Saturday, April 7th, 2018 - OOTP Baseball 18.8 Build 76